 Dungeon Crawl Stone Soup version 0.21-a0-442-g848f44b (webtiles) character file.

59 slep the Skirmisher (level 3, 0/42 HPs)
             Began as a Demonspawn Wanderer on Nov 16, 2017.
             Succumbed to an adder's poison
             ... on level 2 of the Dungeon.
             The game lasted 00:06:15 (1611 turns).

slep the Skirmisher (Demonspawn Wanderer)           Turns: 1611, Time: 00:06:16

Health: 0/42       AC: 21    Str: 13    XL:     3   Next: 78%
Magic:  2/3        EV:  2    Int: 12    God:
Gold:   80         SH:  7    Dex: 13    Spells: 2/2 levels left

rFire    . . .     SeeInvis .   c - +0 short sword
rCold    . . .     Gourm    .   n - +0 shield
rNeg     + + +     Faith    .   (armour currently unavailable)
rPois    +         Spirit   +   (helmet currently unavailable)
rElec    .         Reflect  .   (cloak currently unavailable)
rCorr    .         Harm     +   (gloves currently unavailable)
MR       .....     NoTele   +   (boots currently unavailable)
Stlth    ++........             p - amulet of harm
HPRegen  0.14/turn              (no ring)
MPRegen  0.08/turn              (no ring)

@: lethally poisoned (0 -> -1), tree-form (expiring)
A: magic shield, no potion heal 1
a: no special abilities


You were on level 2 of the Dungeon.
You were not hungry.
You were a tree.
You visited 1 branch of the dungeon, and saw 2 of its levels.

You collected 80 gold pieces.

Inventory:

Hand Weapons
 c - a +0 short sword (weapon)
 e - a +0 dagger
Missiles
 b - 4 throwing nets (quivered)
Armour
 a - a +0 leather armour (melded)
 n - a +0 shield (worn)
Jewellery
 p - an amulet of harm (around neck)
Scrolls
 h - 7 scrolls of identify {unknown}
 i - a scroll of remove curse {unknown}
 k - 4 scrolls of magic mapping {unknown}
 m - a scroll of fear {unknown}
Potions
 d - 2 potions of lignification
Comestibles
 f - a bread ration
 j - 13 fruits
 o - a royal jelly


   Skills:
 + Level 2.5 Fighting
 + Level 2.3 Short Blades
   Level 1.0 Staves
 + Level 2.2 Throwing
 + Level 1.1 Armour
 + Level 1.3 Dodging
 + Level 2.0 Stealth
 + Level 0.1 Shields


You had 2 spell levels left.
You didn't know any spells.

Dungeon Overview and Level Annotations

Branches:
Dungeon (2/15)

Altars:


Innate Abilities, Weirdness & Mutations

((You have sharp fingernails.))
When hurt, damage is shared between your health and your magic reserves.
((Your flesh is heat resistant. (rF+)))
Potions are less effective at restoring your health.


Message History

You feel extremely strange.
Your magic regains its normal vibrancy.
Your magical essence is no longer linked to your wands.
You feel stupid.
Your system partially rejects the healing effects of potions.
You feel resistant to heat.
You turn into a tree.
Your +0 leather armour melds into your body.
Your roots penetrate the ground.
* * * LOW HITPOINT WARNING * * *
You feel sick.
There is a lethal amount of poison in your body!
* * * LOW HITPOINT WARNING * * *
You feel sick.
* * * LOW HITPOINT WARNING * * *
You feel sick.
* * * LOW HITPOINT WARNING * * *
You feel sick.
Your transformation is almost over.
You die...

≈≈≈..
......#####.......).#
≈≈≈≈ ..... #.........#
≈.≈. ###
#.........##### ....
#..............
#########.#####
#######...####### #
##...###...###...###
##....###...###....##
##..#♣(##.....##..#..#
#..##.†#...#...#..##..
#..###....###....###..
#..###....###....###..
#..####...###...####..
....#################..
#...# ##. #..# ## ## #


There were no monsters in sight!

Vanquished Creatures
  An adder (D:2)
  An ooze (D:1)
  4 leopard geckos
  2 bats (D:1)
  5 goblins
  5 hobgoblins
  4 jackals (D:2)
  A quokka (D:2)
  4 frilled lizards
  7 kobolds
  7 rats
41 creatures vanquished.

Notes
Turn   | Place    | Note
-------+----------+-------------------------------------------
     0 | D:1      | slep the Demonspawn Wanderer began the quest for the Orb.
     0 | D:1      | slep set off with: a +0 leather armour, 4 throwing nets, a +0 short sword, a potion of lignification, a +0 dagger, a bread ration
     0 | D:1      | Reached XP level 1. HP: 16/16 MP: 1/1
   102 | D:1      | Gained mutation: When hurt, damage is shared between your health and your magic reserves. [demonic ancestry]
   102 | D:1      | Reached XP level 2. HP: 16/22 MP: 2/2
   796 | D:1      | Gained mutation: You have sharp fingernails. [demonic ancestry]
   796 | D:1      | Reached XP level 3. HP: 26/28 MP: 1/3
  1114 | D:2      | HP: 1/28 [leopard gecko (2)]
  1537 | D:2      | Reached skill level 1 in Armour
  1594 | D:2      | Gained mutation: You expend magic power (3 MP) to strengthen your wands. [potion of mutation]
  1594 | D:2      | Gained mutation: Your spells are a little easier to cast, but a little less powerful. [potion of mutation]
  1594 | D:2      | Gained mutation: Your mind is acute. (Int +2) [potion of mutation]
  1595 | D:2      | Lost mutation: Your spells are a little easier to cast, but a little less powerful. [potion of mutation]
  1595 | D:2      | Lost mutation: You expend magic power (3 MP) to strengthen your wands. [potion of mutation]
  1595 | D:2      | Lost mutation: Your mind is acute. (Int +2) [potion of mutation]
  1595 | D:2      | Gained mutation: Potions are less effective at restoring your health. [potion of mutation]
  1595 | D:2      | Gained mutation: Your flesh is heat resistant. (rF+) [potion of mutation]
  1596 | D:2      | HP: 2/42 [poisoned by an adder]
  1603 | D:2      | HP: 1/42 [poisoned by an adder]
  1611 | D:2      | Succumbed to an adder's poison

Vault maps used:
D:1:      eino_arrival_cavern_d, kennysheep_flooded_box, minmay_pentomino_q2
D:2:      serial_undead, serial_undead_e, serial_undead_e, serial_undead_b,
          serial_undead_f, hangedman_glass_teeth

Skill      XL: |  1  2  3 |
---------------+----------+-----
Throwing       | 2 |  2.2
Short Blades   | 2 |  2.3
Stealth        | 2 |  2.0
Armour         | 1 |  1.1
Fighting       | |  2.5
Staves         | |  1.0
Dodging        | |  1.3
Shields        | |  0.1

Action                   || total
-------------------------++-------
Melee: Short sword       ||   178
  Use: Potion            ||     4
 Stab: Sleeping          ||     6
  Eat: Chunk             ||     2
Armor: Leather armour    ||    45
Dodge: Dodged            ||    70
Block: Shield            ||    44

Table legend:
 A = Spawn XP
 B = Non-spawn XP
 C = Spawn XP percentage of total XP
 D = Spawn monster count
 E = Non-spawn monster count
 F = Spawn count percentage of total count
 G = Total turns spent on level
                    A         B        C        D         E        F      G
               +---------+---------+-------+---------+---------+-------+---------
         Total |       0 |      85 |   0.0 |       0 |      41 |   0.0 |  1611
               +---------+---------+-------+---------+---------+-------+---------
           D:1 |       0 |      41 |   0.0 |       0 |      23 |   0.0 |   949
           D:2 |       0 |      44 |   0.0 |       0 |      18 |   0.0 |   662
               +---------+---------+-------+---------+---------+-------+---------
